 Dungeon Crawl Stone Soup version 0.28.0-1-gb440e238dd (webtiles) character file.

Game seed: 300455336217695122

112 belegose the Skirmisher (level 4, 0/41 HPs)
             Began as a Hill Orc Abyssal Knight on Feb 23, 2022.
             Was a Follower of Lugonu.
             Succumbed to a gnoll's poison
             ... on level 3 of the Dungeon.
             The game lasted 00:06:55 (3194 turns).

belegose the Skirmisher (Hill Orc Abyssal Knight)   Turns: 3194, Time: 00:06:55

Health: 0/41       AC:  6    Str: 17    XL:     4   Next: 95%
Magic:  6/6        EV:  9    Int: 10    God:    Lugonu [*.....]
Gold:   129        SH:  0    Dex: 11    Spells: 3/3 levels left

rFire   . . .      SeeInvis .   j - +2 mace (holy)
rCold   . . .      Faith    .   (no shield)
rNeg    . . .      Spirit   .   q - +0 scale mail
rPois   .          Reflect  .   (no helmet)
rElec   .          Harm     .   (no cloak)
rCorr   .          Rampage  .   (no gloves)
Will    .....                   (no boots)
Stlth   ..........              (no amulet)
HPRegen 0.13/turn               p - +4 ring of slaying
MPRegen 0.10/turn               (no ring)

@: brilliant, lethally poisoned (0 -> -23)
A: no striking features
a: Renounce Religion, Depart the Abyss


You were on level 3 of the Dungeon.
You worshipped Lugonu.
Lugonu was aware of your devotion.
You visited 1 branch of the dungeon, and saw 4 of its levels.
You visited the Abyss 1 time.

You collected 129 gold pieces.

Inventory:

Hand Weapons
 j - a +2 mace of holy wrath (weapon)
Missiles
 f - 2 boomerangs
 o - 54 stones
Armour
 q - a +0 scale mail (worn)
Magical Staves
 k - a staff of poison
Jewellery
 p - a +4 ring of slaying (left hand)
Scrolls
 a - a scroll of immolation {unknown}
 b - a scroll of amnesia {unknown}
 c - 3 scrolls of blinking {unknown}
 e - a scroll of silence {unknown}
 l - a scroll of magic mapping {unknown}
 m - a scroll of enchant weapon {unknown}
 n - a scroll of teleportation {unknown}
Potions
 d - a potion of ambrosia
 i - a potion of resistance {unknown}


   Skills:
 + Level 4.5 Fighting
 + Level 3.3 Maces & Flails
 + Level 3.3 Armour
 - Level 0.7 Dodging
 + Level 3.7 Invocations


You had 3 spell levels left.
You didn't know any spells.
Your spell library contained the following spells:

 Spells                   Type           Power      Damage    Failure   Level
 Beastly Appendage        Tmut           0%         N/A       77%         1
 Magic Dart               Conj           0%         1d3       77%         1
 Call Imp                 Summ           0%         N/A       88%         2
 Wereblood                Tmut           0%         N/A       88%         2
 Mephitic Cloud           Conj/Pois/Air  0%         N/A       98%         3
 Spider Form              Tmut/Pois      0%         N/A       98%         3


Dungeon Overview and Level Annotations

Branches:
Dungeon (4/15)
 Temple: D:4-7

Altars:
Makhleb

Annotations:
D:3 Sigmund


Message History

You feel very sick.
* * * LOW HITPOINT WARNING * * *
You feel very sick.
It was a potion of ambrosia.
You are confused.
You feel invigorated.
You feel sick.
You bump into the rock wall.
You feel sick. The gnoll barely misses you. The gnoll hits you with a +3 whip!
* * * LOW HITPOINT WARNING * * *
You feel sick. The gnoll barely misses you.
You feel less invigorated.
You feel less confused.
You feel sick.
You feel sick.
You feel sick.
You feel sick.
You feel sick.
You are no longer poisoned.
The gnoll hits you with a +1 whip of venom.
* * * LOW HITPOINT WARNING * * *
There is a stone staircase leading up here.
You climb upwards.
Level annotation: Sigmund
There is a stone staircase leading down here.
You aren't carrying any items that you can evoke.
Okay, then.
It was a potion of curing.
You feel better. The gnoll barely misses you.
Unknown command.
You barely miss the gnoll.
The gnoll hits you with a +1 whip of venom!
* * * LOW HITPOINT WARNING * * *
You are lethally poisoned!
You hit the gnoll but do no damage.
* * * LOW HITPOINT WARNING * * *
You feel very sick. The gnoll hits you but does no damage.
You are more poisoned.
It was a potion of brilliance.
You feel clever all of a sudden.
You die...

#.......#.# #.......#.#
# #.......#.# # ########
#..[....#.# # #......#
#.......#.# # #.####.#
##...####.# ###....#.#
##.......#
.......#.######..###..#
....####.#......@g....##
###......#'#####.......#
..#..####.......[......#
#.#..# #..............#
#.#..# #..[.####......#
#.#..# #....'..'......#
#.#..# #....####......#
..#..# #....# #......#
#.#..# #....# #......#


You could see a gnoll.

Vanquished Creatures
  An orc wizard (D:3)
  A gnoll (D:3)
  An adder (D:3)
  A worm (D:3)
  A dart slug (D:1)
  5 orcs
  7 endoplasms
  3 giant cockroaches
  8 goblins
  8 hobgoblins
  2 kobolds
  3 quokkas
  7 ball pythons
  2 frilled lizards
  3 rats
53 creatures vanquished.

Notes
Turn   | Place    | Note
-------+----------+-------------------------------------------
     0 | Abyss:1  | belegose the Hill Orc Abyssal Knight began the quest for
                  | the Orb.
     0 | Abyss:1  | Reached XP level 1. HP: 19/19 MP: 2/2
    39 | Abyss:2  | Noticed a deep elf sorcerer
    43 | D:1      | Escaped the Abyss
   339 | D:1      | Reached XP level 2. HP: 26/27 MP: 4/4
   674 | D:1      | Found a faded altar of an unknown god.
   724 | D:1      | Reached * piety under Lugonu
   728 | D:1      | Reached skill level 4 in Fighting
  1208 | D:2      | Reached XP level 3. HP: 33/33 MP: 5/5
  2117 | D:3      | Noticed Sigmund
  2394 | D:3      | Reached XP level 4. HP: 16/40 MP: 6/6
  3019 | D:3      | Found a burning altar of Makhleb.
  3194 | D:3      | Succumbed to a gnoll's poison

Illustrated notes

Levels and vault maps discovered:
D:1:      saegor_arrival_under_anarchy, layout_basic,
          shapermc_ecumenical_altar_starsandcircs
D:2:      layout_loops_ring
D:3:      layout_basic, mainiacjoe_overflow_alcove_1, uniq_sigmund
D:4:      black_bear_nest_1, layout_loops_ring, uniq_pikel, uniq_duvessa,
          uniq_menkaure, uniq_ijyb

Skill      XL: |  1  2  3 |
---------------+----------+-----
Fighting       | 4 |  4.5
Invocations    | 3 |  3.7
Maces & Flails | 3 |  3.3
Armour         | 3 |  3.3
Dodging        | |  0.7

Action                   |  1- 3 |  4- 6 || total
-------------------------+-------+-------++-------
Melee: Mace              |    95 |    41 ||   136
       Punch             |     1 |       ||     1
Invok: Depart the Abyss  |     1 |       ||     1
  Use: Potion            |       |     3 ||     3
Armor: Leather armour    |    14 |     4 ||    18
       Scale mail        |       |     5 ||     5
Dodge: Dodged            |    51 |    24 ||    75
